 Dungeon Crawl Stone Soup version 0.31.0-32-g396128a36d (webtiles) character file.

Game seed: 1103995144655285760

28 KittyFluff the Changeling (level 2, 0/27 HPs)
             Began as a Troll Shapeshifter on Apr 12, 2024.
             Slain by Crazy Yiuf
             ... wielding a +4 quarterstaff of chaos
              (4 damage)
             ... on level 2 of the Dungeon.
             The game lasted 00:04:12 (1047 turns).

KittyFluff the Changeling (Troll Shapeshifter)      Turns: 1047, Time: 00:04:13

Health: 0/27       AC:  4    Str: 21    XL:     2   Next: 96%
Magic:  1/1        EV:  9    Int:  6    God:
Gold:   83         SH:  0    Dex:  9    Spells: 1/1 levels left

rFire   . .          .
                       - Unarmed
rCold   . . .        (no shield)
rNeg    . . .        k - +0 robe
rPois   .            (helmet currently unavailable)
rElec   .            (cloak currently unavailable)
rCorr   .            (gloves unavailable)
SInv    .            (boots unavailable)
Will    .....        (no amulet)
Stlth   +            (no ring)
HPRegen 1.04/turn    (no ring)
MPRegen 0.07/turn

%: no passive effects
@: beast-form
A: beast (slay +1), large, unfitting armour, claws 3, regeneration 1, shaggy fur
1, tough skin 1
a: Begin Untransformation


You were on level 2 of the Dungeon.
You were a hulking beast.
You visited 1 branch of the dungeon, and saw 2 of its levels.

You collected 83 gold pieces.

Inventory:

Hand Weapons
 g - a +0 whip
 m - a +1 whip of electrocution
Missiles
 h - 5 stones (quivered)
 n - 7 poisoned darts
Armour
 k - a +0 robe (worn)
Talismans
 c - a beast talisman
 d - a flux talisman
Scrolls
 a - a scroll of noise {unknown}
 e - a scroll of identify {unknown}
 i - 2 scrolls of amnesia {unknown}
 j - a scroll of fear {unknown}
 l - a scroll of poison {unknown}
 p - a scroll of acquirement {unknown}
Potions
 b - a potion of lignification
 f - 5 potions of curing {unknown}
 o - a potion of mutation {unknown}


   Skills:
 + Level 1.2 Fighting
 + Level 1.9 Dodging
 + Level 3.2 Unarmed Combat
 * Level 3.4 Shapeshifting


You had one spell level left.
You didn't know any spells.
Your spell library was empty.

Dungeon Overview and Level Annotations

Branches:
Dungeon (2/15)

Altars:

Annotations:
D:2 Crazy Yiuf


Innate Abilities, Weirdness & Mutations

You are a hulking beast.
Your limbs bulge with bestial killing power. (Slay +1)
You are too large for most types of armour.
You have claws for hands.
Your natural rate of healing is unusually fast.
You are covered in fur. (AC +1)
You have tough skin. (AC +1)


Message History

You kill the rat!
You see here a rat corpse.
Found 12 gold pieces.
A ball python comes into view.
You see here a scroll labelled PUGGEI PAUST.
p - a scroll labelled PUGGEI PAUST The ball python barely misses you.
The ball python bites you but does no damage.
You claw the ball python!
You kill the ball python!
n - 7 poisoned darts (gained 4)
Found a stone staircase leading down.
You now have 58 gold pieces (gained 16).
Found a stone staircase leading up.
You now have 70 gold pieces (gained 12).
There is a stone staircase leading up here.
Found 13 gold pieces.
Found a glowing cyan potion.
You now have 83 gold pieces (gained 13).
f - 5 glowing cyan potions (gained 1)
Found a stone.
h - 5 stones (gained 1)
A kobold comes into view. It is wielding a +0 dagger.
The kobold shouts!
The kobold barely misses you.
You scratch the kobold.
You kill the kobold!
You see here a +0 dagger.
Found a hammer.
Found a runed translucent door.
Crazy Yiuf shouts!
You open the door.
Crazy Yiuf grits, "Iron!
Candle tea forty-two."
You barely miss Crazy Yiuf.
Crazy Yiuf hits you with a +4 quarterstaff of chaos!
Crazy Yiuf freezes you.
You barely miss Crazy Yiuf.
Crazy Yiuf hits you with a +4 quarterstaff of chaos!
* * * LOW HITPOINT WARNING * * *
Crazy Yiuf freezes you.
You die...

...# ##....#
.### #+..+#
.# ♣....♣ .#
♣♣...♣ .#
♣♣.♣♣ .#
♣♣.♣ .#
####### ♣.♣♣
.# #.....#
♣♣.♣
.#####.....#
♣h♣♣
...........#
#g#
######.....#
... #.....#
#...#
#######
#)..# #####


You could see Crazy Yiuf.

Vanquished Creatures
  2 ball pythons
  2 endoplasms (D:2)
  A giant cockroach (D:2)
  2 goblins (D:1)
  A hobgoblin (D:1)
  A quokka (D:1)
  6 bats
  4 frilled lizards
  6 kobolds
  4 rats
29 creatures vanquished.

Notes
Turn   | Place    | Note
-------+----------+-------------------------------------------
     0 | D:1      | KittyFluff the Troll Shapeshifter began the quest for the
                  | Orb.
     0 | D:1      | Reached XP level 1. HP: 18/18 MP: 0/0
   172 | D:1      | Reached skill level 1 in Fighting
   205 | D:1      | Reached XP level 2. HP: 27/27 MP: 1/1
  1041 | D:2      | Found a runed translucent door.
  1042 | D:2      | Noticed Crazy Yiuf
  1047 | D:2      | Slain by Crazy Yiuf

Illustrated notes

Levels and vault maps discovered:
D:1:      dpeg_arrival_water_altar, layout_loops_ring, minmay_tripent
D:2:      layout_loops_ring, grunt_ministairs_2, st_stairs_12,
          uniq_crazy_yiuf_cottage

Skill      XL: |  1 |
---------------+----+-----
Fighting       | 1 |  1.2
Dodging        | |  1.9
Unarmed Combat | |  3.2
Shapeshifting  | |  3.4

Action                     || total
---------------------------++-------
  Melee: Unarmed           ||    66
         Punch             ||     2
 Armour: Animal skin       ||    20
         Robe              ||    15
  Dodge: Dodged            ||    43
